Map: Templo óseo EE

Players

TATORREA - Winner!

  • Race: Protoss Protoss
  • League: Silver
  • Spawn Location: 1:00

tigro - Winner!

  • Race: Terran Terran
  • League: Bronze
  • Spawn Location: 3:00

MrFercho - Winner!

  • Race: Zerg Zerg
  • League: Silver
  • Spawn Location: 12:00

Aph

  • Race: Zerg Zerg
  • Spawn Location: 6:00

Bento

  • Race: Protoss Protoss
  • Spawn Location: 7:00

HyperTension

  • Race: Protoss Protoss
  • Spawn Location: 7:00

VOD

Have the link to the VOD?

Description

Time

  • Played on: June 5, 2020, 9:43 p.m.
  • Length: 14:52
Show
View Real Time Build Order
Export as new Build Order

TATORREA Protoss - Winner!

Build Orders:  

Get SALT Encoding   

  12  0:03  Probe  
  13  0:19  Probe  
  14  0:30  Pylon  
  14  0:31  Probe  
  15  0:48  Probe  
  16  0:53  Gateway  
  16  0:55  Gateway  
  16  1:05  Gateway  
  16  1:08  Probe  
  17  1:15  Assimilator  
  17  1:20  Probe  
  18  1:32  Probe  
  19  1:44  Probe  
  20  2:04  Probe  
  20  2:07  Cybernetics Core  
  21  2:12  Pylon  
  21  2:14  Pylon  
  21  2:16  Probe  
  22  2:29  Assimilator  
  22  2:35  Nexus  
  22  2:39  Probe  
  23  2:52  Stalker x2  
  23  2:54  Probe  
  23  2:56  Warp Gate (Chrono Boost)  
  24  2:59  Stalker  
  30  3:15  Probe  
  31  3:39  Stargate  
  31  3:41  Gateway  
  31  3:44  Probe  
  31  3:47  Zealot  
  31  3:48  Probe  
  33  3:50  Stalker  
  33  3:52  Stalker  
  39  4:01  Probe x2  
  41  4:15  Probe x2  
  43  4:27  Twilight Council, Probe  
  43  4:28  Probe  
  43  4:30  Robotics Facility  
  45  4:38  Phoenix  
  47  4:46  Probe x2  
  49  4:56  Stalker  
  49  4:58  Stalker  
  53  5:01  Pylon  
  53  5:05  Pylon  
  53  5:12  Charge  
  54  5:14  Probe  
  54  5:19  Probe  
  55  5:26  Probe  
  56  7:05  Stalker  
  56  7:08  Stalker x3  
  62  7:46  Zealot  
  62  7:47  Zealot x3  
  70  11:11  Pylon  
  70  11:13  Pylon  
  70  11:15  Pylon  
  70  11:21  Pylon  
  70  11:23  Pylon  
  70  11:29  Immortal  
  72  11:49  Stalker  
  72  11:50  Stalker x3  
  80  12:00  Void Ray  
  84  12:18  Pylon  
  84  12:19  Pylon x2  
  84  12:21  Pylon  
  84  12:23  Pylon  
  84  12:40  Nexus  
  84  12:44  Void Ray  
  84  12:50  Stalker  
  84  12:51  Stalker x3  
  96  14:25  Stalker x3  
  96  14:26  Stalker  
Show
View Real Time Build Order
Export as new Build Order

tigro Terran - Winner!

Build Orders:  

Get SALT Encoding   

  12  0:03  SCV  
  13  0:15  SCV  
  14  0:26  Supply Depot  
  14  0:29  SCV  
  15  0:37  Refinery  
  15  0:48  SCV  
  16  1:00  SCV  
  16  1:03  Barracks  
  17  1:12  SCV, Refinery  
  18  1:24  SCV  
  19  1:36  SCV  
  20  1:49  SCV  
  20  1:53  Marine  
  22  1:56  Supply Depot  
  22  2:01  SCV  
  23  2:15  Barracks  
  23  2:18  Marine, SCV  
  25  2:30  SCV  
  25  2:36  Marine  
  27  2:45  Orbital Command  
  27  2:53  Marine  
  27  2:54  Engineering Bay  
  28  3:06  Factory  
  28  3:07  Barracks Tech Lab  
  28  3:11  Marine  
  29  3:29  Combat Shield  
  29  3:34  Command Center  
  29  3:36  Barracks Tech Lab  
  29  3:38  Terran Infantry Weapons Level 1  
  29  3:43  Marine  
  30  3:54  Factory Tech Lab  
  30  3:56  Stimpack  
  30  4:01  Marine x2  
  32  4:23  Starport  
  32  4:29  Siege Tank  
  35  4:47  Refinery  
  35  4:48  Concussive Shells  
  35  4:54  SCV  
  36  5:06  SCV  
  37  5:15  Medivac  
  37  5:19  SCV  
  40  5:24  Marine x2  
  42  5:31  SCV  
  42  5:33  Terran Infantry Armor Level 1  
  43  5:42  Marine x2  
  45  5:59  Marine  
  45  6:00  Marine  
  47  6:17  Marine  
  40  6:36  Marine x2  
  41  6:54  Marine x2  
  43  7:09  Siege Tank  
  43  7:12  Marine x2  
  47  7:26  Neosteel Armor  
  45  7:30  Marine x2  
  45  7:41  Siege Tank  
  48  7:48  Marine x2  
  48  8:05  Marine  
  48  8:06  Marine  
  50  8:42  Marine x2  
  52  8:59  Marine  
  52  9:00  Marine  
  54  9:07  Hi-Sec Auto Tracking  
  54  9:17  Marine x2  
  56  9:35  Marine x2  
  58  9:53  Marine x2  
  60  10:11  Marine x2  
  62  11:10  Supply Depot  
  62  11:31  Medivac, Marine x2  
  66  11:49  Marine x2  
  68  12:07  Marine x2  
  70  13:50  Starport Tech Lab  
  70  14:19  Fusion Core  
Show
View Real Time Build Order
Export as new Build Order

MrFercho Zerg - Winner!

Build Orders: Pool First 

Get SALT Encoding   

  12  0:04  Drone  
  13  0:15  Drone  
  14  0:28  Extractor x2  
  14  0:29  Drone x2  
  16  0:50  Spawning Pool  
  15  0:57  Overlord  
  15  1:19  Drone x2  
  15  1:20  Drone  
  15  1:25  Extractor, Hatchery  
  16  1:36  Drone  
  16  1:39  Queen  
  19  1:49  Drone  
  20  2:01  Drone  
  21  2:29  Drone  
  22  2:38  Hatchery  
  22  2:41  Drone  
  22  2:42  Hatchery, Drone  
  22  2:44  Drone  
  23  2:59  Drone x3  
  23  3:00  Drone  
  23  3:01  Zergling x2  
  28  3:09  Extractor  
  27  3:18  Drone  
  28  3:20  Overlord x3  
  28  3:40  Extractor  
  27  3:42  Extractor  
  26  3:49  Zergling x10  
  26  3:52  Metabolic Boost  
  31  3:58  Drone  
  32  4:05  Queen  
  34  4:19  Zergling x2  
  34  4:20  Zergling x18  
  44  4:25  Drone  
  44  4:28  Drone x2  
  47  4:39  Drone  
  48  4:57  Zergling x2  
  48  4:58  Zergling x18  
  51  6:03  Zergling x2  
  51  6:04  Zergling x26  
  55  6:06  Overlord  
  48  6:55  Zergling x2  
  48  6:56  Zergling x22  
  53  8:58  Zergling x20  
  53  8:59  Zergling x4  
  65  9:05  Lair  
  62  11:05  Hydralisk Den  
  61  11:40  Hydralisk x5  
  61  11:45  Overlord  
  61  11:46  Overlord x4  
  71  11:47  Overlord  
  71  12:18  Hydralisk  
  71  12:19  Hydralisk x11  
  95  13:32  Overseer  
  95  13:33  Overseer  
  95  13:34  Overseer x2  
Show
View Real Time Build Order
Export as new Build Order

Aph Zerg 

Build Orders: Pool First 

Get SALT Encoding   

  12  0:02  Drone  
  13  0:10  Drone  
  14  0:18  Overlord  
  14  0:38  Drone x2  
  14  0:42  Drone  
  17  0:44  Extractor  
  16  0:54  Drone  
  17  1:01  Spawning Pool  
  17  1:02  Overlord  
  16  1:14  Drone  
  17  1:27  Drone  
  18  1:34  Drone  
  19  1:47  Extractor  
  18  1:59  Drone  
  19  2:02  Queen  
  21  2:11  Drone  
  22  2:23  Drone  
  22  2:24  Hatchery  
  22  2:32  Roach Warren, Drone  
  22  2:38  Queen  
  22  2:41  Evolution Chamber  
  22  2:43  Drone  
  24  2:48  Drone  
  25  2:59  Drone  
  26  3:15  Lair  
  26  3:29  Roach x2  
  26  3:32  Overlord x2  
  30  3:49  Overlord x2  
  30  3:54  Drone x2  
  32  3:57  Drone x2  
  34  4:07  Roach  
  36  4:15  Burrow  
  36  4:21  Roach x4  
  44  4:30  Queen  
  46  4:42  Drone  
  46  4:43  Drone x2  
  49  4:47  Extractor  
  49  4:50  Drone x3  
  51  4:54  Overlord  
  51  5:07  Roach x2  
  55  5:18  Zerg Missile Weapons Level 1  
  55  5:25  Roach x6, Pneumatized Carapace  
  53  5:54  Roach x5  
  51  6:00  Roach x3  
  51  6:01  Roach x2  
  16  6:37  Drone x3  
  5  6:58  Zergling x6  
  5  6:59  Zergling x6  
  4  7:31  Roach  
  4  8:12  Roach  
  4  9:15  Roach  
  4  9:58  Roach  
  2  10:20  Roach  
  2  10:45  Roach  
  2  10:50  Roach  
  2  11:05  Roach  
  2  11:21  Roach  
  2  12:27  Roach  
  2  12:34  Roach  
  2  12:54  Roach  
  2  13:19  Roach  
  2  13:43  Roach  
Show
View Real Time Build Order
Export as new Build Order

Bento Protoss 

Build Orders:  

Get SALT Encoding   

  12  0:03  Probe  
  13  0:19  Pylon  
  13  0:20  Probe (Chrono Boost)  
  14  0:32  Probe (Chrono Boost)  
  15  0:41  Gateway  
  15  0:43  Probe  
  16  0:55  Probe  
  17  1:01  Assimilator  
  17  1:07  Probe (Chrono Boost)  
  18  1:19  Probe (Chrono Boost)  
  19  1:30  Cybernetics Core  
  19  1:46  Nexus  
  19  1:48  Pylon  
  19  1:54  Probe  
  20  2:04  Warp Gate (Chrono Boost)  
  20  2:06  Probe  
  21  2:12  Stalker  
  23  2:18  Probe  
  24  2:26  Assimilator  
  25  2:52  Probe (Chrono Boost)  
  25  2:55  Pylon  
  25  2:58  Probe (Chrono Boost)  
  26  3:08  Probe (Chrono Boost)  
  27  3:13  Probe (Chrono Boost)  
  28  3:24  Gateway, Probe  
  28  3:25  Gateway  
  29  3:36  Probe  
  29  3:39  Robotics Facility  
  30  3:48  Stalker  
  32  4:20  Forge  
  32  4:34  Twilight Council  
  32  4:38  Robotics Bay  
  32  4:48  Observer (Chrono Boost)  
  32  4:52  Probe (Chrono Boost)  
  34  4:53  Pylon  
  34  5:02  Observer (Chrono Boost)  
  34  5:03  Probe (Chrono Boost)  
  36  5:08  Probe (Chrono Boost)  
  37  5:18  Probe  
  39  5:21  Observer  
  39  5:23  Stalker x3  
  43  5:30  Probe  
  38  5:42  Immortal, Probe  
  37  5:49  Stalker x3  
  31  6:14  Stalker  
  22  6:34  Immortal (Chrono Boost)  
  22  7:01  Nexus  
  22  7:03  Assimilator  
  22  7:06  Immortal  
  22  7:07  Stalker x2  
  30  7:08  Assimilator  
  30  7:21  Pylon  
  15  8:34  Gateway  
  15  8:50  Cybernetics Core  
  15  9:00  Probe (Chrono Boost)  
  17  9:10  Probe (Chrono Boost)  
  17  9:15  Probe (Chrono Boost)  
  17  9:22  Pylon  
  18  9:25  Pylon  
  18  9:27  Probe (Chrono Boost)  
  19  9:32  Stalker  
  22  9:39  Probe (Chrono Boost)  
  6  10:06  Nexus  
  5  11:19  Nexus  
  5  11:56  Pylon  
Show
View Real Time Build Order
Export as new Build Order

HyperTension Protoss 

Build Orders:  

Get SALT Encoding   

  12  0:13  Pylon  
  12  0:22  Pylon  
  12  0:30  Pylon  
  12  0:36  Probe (Chrono Boost)  
  13  0:47  Probe (Chrono Boost)  
  14  0:54  Gateway  
  14  1:00  Assimilator  
  14  1:27  Probe (Chrono Boost)  
  15  1:38  Probe (Chrono Boost)  
  16  1:42  Probe (Chrono Boost)  
  16  1:46  Forge  
  17  1:55  Probe  
  18  2:08  Probe, Nexus  
  19  2:20  Probe  
  20  2:31  Cybernetics Core  
  20  2:32  Probe  
  21  2:59  Nexus  
  21  3:16  Robotics Facility  
  21  3:30  Stargate  
  21  3:41  Assimilator  
  21  3:43  Probe (Chrono Boost)  
  22  3:53  Probe (Chrono Boost)  
  22  3:55  Assimilator  
  23  3:58  Probe (Chrono Boost)  
  24  4:07  Adept, Twilight Council  
  24  4:09  Probe  
  27  4:21  Probe (Chrono Boost)  
  28  4:31  Probe (Chrono Boost)  
  29  4:32  Assimilator  
  29  4:38  Probe (Chrono Boost)  
  30  4:41  Probe (Chrono Boost)  
  31  4:48  Assimilator  
  31  4:51  Probe (Chrono Boost)  
  31  4:52  Probe (Chrono Boost)  
  33  4:56  Probe (Chrono Boost)  
  34  5:02  Adept  
  36  5:07  Probe (Chrono Boost)  
  36  5:13  Probe (Chrono Boost)  
  38  5:17  Probe (Chrono Boost)  
  40  5:21  Probe (Chrono Boost)  
  40  5:22  Probe (Chrono Boost)  
  40  5:24  Void Ray  
  41  5:31  Immortal (Chrono Boost)  
  41  5:32  Adept  
  51  6:02  Adept  
  53  6:09  Fleet Beacon  
  53  6:11  Robotics Bay  
  52  6:32  Probe (Chrono Boost), Zealot  
  55  6:43  Probe (Chrono Boost)  
  52  6:48  Probe (Chrono Boost)  
  43  6:58  Probe  
  43  6:59  Zealot  
  42  7:10  Probe (Chrono Boost)  
  37  7:19  Mothership (Chrono Boost)  
  44  7:24  Pylon  
  44  7:26  Zealot  
  44  7:28  Pylon  
  46  7:39  Tempest, Colossus (Chrono Boost)  
  30  11:04  Probe  
  31  11:18  Assimilator  
  31  11:32  Probe  
Tags
 
Add a new tag
Caveats
  • Supply blocks, unpowered buildings, or Contaminate may cause inaccurate times.
  • Supply counts are checked every 10 seconds.